 Dungeon Crawl Stone Soup version 0.26-a0-597-gb535b0901c (webtiles) character file.

Game seed: 3259783103116450595

15905 Hores the Geomancer (level 12, -20/72 HPs)
             Began as a Gargoyle Earth Elementalist on Aug 26, 2020.
             Was an Elder of Vehumet.
             Killed from afar by a wizard (28 damage)
             ... with a lance of force
             ... while paralysed by a wizard
             ... on level 12 of the Dungeon.
             The game lasted 00:29:00 (14113 turns).

Hores the Geomancer (Gargoyle Earth Elementalist)  Turns: 14113, Time: 00:29:01

Health: -20/72     AC: 20    Str: 13    XL:     12   Next: 31%
Magic:  1/23       EV:  2    Int: 24    God:    Vehumet [****..]
Gold:   868        SH:  0    Dex: 12    Spells: 12/26 levels left

rFire    . . .     SeeInvis .   E - +7 falchion of Cynusesa {drain, Int+4}
rCold    + . .     Faith    .   (no shield)
rNeg     + . .     Spirit   .   x - +0 steam dragon scales
rPois    ∞         Reflect  .   r - +0 helmet
rElec    +         Harm     .   k - +0 cloak {rPois}
rCorr    .                      d - +2 pair of gloves
MR       .....                  (no boots)
Stlth    ++........             t - amulet of the acrobat
HPRegen  0.22/turn              y - ring of wizardry
MPRegen  0.18/turn              D - ring of protection from cold

@: paralysed, slowed
A: agile 1, negative energy resistance 1, electricity resistance, unbreathing,
petrification resistance, rot immunity, MP-powered wands, AC +8
a: Renounce Religion


You were on level 12 of the Dungeon.
You worshipped Vehumet.
Vehumet was greatly pleased with you.
You visited 2 branches of the dungeon, and saw 13 of its levels.

You collected 868 gold pieces.

Inventory:

Hand Weapons
 s - the +1 long sword "Dubesic" {vorpal, +Inv rPois MP-9 Int+6}
   (You found it on level 5 of the Dungeon)

   It inflicts extra damage upon your enemies.
   It affects your intelligence (+6).
   It protects you from poison.
   It affects your magic capacity (-9).
   It lets you turn invisible.
 E - the +7 falchion of Cynusesa (weapon) {drain, Int+4}
   (You found it on level 10 of the Dungeon)

   A truly terrible weapon, it drains the life of those it strikes.
   It affects your intelligence (+4).
 I - a +0 morningstar
Missiles
 b - 260 stones (quivered)
Armour
 d - a +2 pair of gloves (worn)
 k - a +0 cloak of poison resistance (worn)
 r - a +0 helmet (worn)
 x - +0 steam dragon scales (worn)
Magical Staves
 u - an uncursed staff of cold
Jewellery
 t - an amulet of the acrobat (around neck)
 y - a ring of wizardry (left hand)
 D - a ring of protection from cold (right hand)
Wands
 i - a wand of paralysis (14)
 j - a wand of flame (14)
 n - a wand of acid (7)
Scrolls
 c - a scroll of blinking
 e - a scroll of fog
 f - 5 scrolls of magic mapping
 g - 4 scrolls of remove curse
 p - a scroll of identify
 v - 3 scrolls of amnesia
 w - 8 scrolls of teleportation
 B - 2 scrolls of enchant weapon
 H - 2 scrolls of immolation
Potions
 a - 6 potions of lignification
 h - 3 potions of brilliance
 l - a potion of might
 m - 5 potions of curing
 o - 3 potions of haste
 q - 2 potions of resistance
 z - 2 potions of berserk rage
 C - a potion of invisibility
 G - 2 potions of cancellation


   Skills:
 + Level 7.2 Fighting
 + Level 6.6 Maces & Flails
 - Level 6.0 Armour
 + Level 5.8 Dodging
 - Level 2.1 Stealth
 + Level 7.8 Spellcasting
 + Level 8.7 Conjurations
   Level 0.7 Transmutations
 * Level 2.3 Fire Magic
 + Level 10.5 Earth Magic
 + Level 3.9 Evocations


You had 12 spell levels left.
You knew the following spells:

 Your Spells              Type           Power        Failure   Level
a - Sandblast             Erth           ######       1%          1
b - Stone Arrow           Conj/Erth      ######       1%          3
c - Lee's Rapid Deconstr  Erth           ######....   1%          5
d - Fireball              Conj/Fire      #####.....   2%          5

Your spell library contained the following spells:

 Spells                   Type           Power        Failure   Level
 Beastly Appendage        Tmut           ##....       1%          1
 Magic Dart               Conj           ####         1%          1
 Passwall                 Tmut/Erth      #####...     1%          2
 Conjure Flame            Conj/Fire      #####...     1%          3
 Mephitic Cloud           Conj/Pois/Air  ###.....     1%          3
 Apportation              Tloc           #.....       2%          1
 Petrify                  Tmut/Erth      #####...     2%          4
 Wereblood                Tmut           ##......     3%          2
 Blink                    Tloc           N/A          4%          2
 Call Imp                 Summ           #.......     4%          2
 Slow                     Hex            #.......     4%          2
 Spider Form              Tmut/Pois      ##........   7%          3
 Confusing Touch          Hex            #.......     9%          3
 Gell's Gravitas          Tloc           #.........   9%          3
 Lesser Beckoning         Tloc           #.........   9%          3
 Tukima's Dance           Hex            #.......     9%          3
 Yara's Violent Unravell  Hex/Tmut       ##........   17%         5
 Ice Form                 Ice/Tmut       ##......     22%         4
 Blade Hands              Tmut           ##........   45%         5
 Alistair's Intoxication  Tmut/Pois      ##.......    52%         5
 Metabolic Englaciation   Hex/Ice        #.........   56%         5
 Invisibility             Hex            #.......     98%         6


Dungeon Overview and Level Annotations

Branches:
Dungeon (12/15)            Temple (1/1) D:4            Lair (0/6) D:8
    Orc (0/2) D:10

Altars:
Ashenzari
Cheibriados
Dithmenos
Elyvilon
Fedhas
Gozag
Hepliaklqana
Kikubaaqudgha
Makhleb
Nemelex Xobeh
Okawaru
Qazlal
Ru
Sif Muna
Trog
Uskayaw
Vehumet
Wu Jian
Yredelemnul
The Shining One

Shops:
D:12 :

Annotations:
D:9 3 runed translucent doors, Yhenk's ghost, novice BaCj


Innate Abilities, Weirdness & Mutations

You are resistant to torment.
Your stone body is resilient. (AC +8)
You are immune to poison.
You resist negative energy. (rN+)
You are resistant to electric shocks. (rElec)
You can survive without breathing.
You are immune to petrification.
You are immune to rotting.
You are agile. (Dex +2)
You expend magic power (3 MP) to strengthen your wands.


Message History

The crystal spear hits you!!!
Ouch! That really hurt!
* * * LOW HITPOINT WARNING * * *
A wizard comes into view. It is wielding a -1 dagger.
You feel better. The wizard closely misses you.
The wizard points at you and mumbles some strange words.
You suddenly lose the ability to move!
The wizard hits you but does no damage. x2
The wizard hits you but does no damage.
The wizard mumbles some strange words.
The wizard flickers and vanishes!
Deactivating autopickup; reactivate with Ctrl-A.
The wizard points at you and mumbles some strange words.
You feel as though you will be slow longer.
The wizard hits you but does no damage.
The wizard gestures at you while chanting.
You feel as though you will be slow longer.
The wizard hits you but does no damage. Something hits you but does no damage.
The wizard points at you and mumbles some strange words.
The lance of force hits you!!
You die...

#.# ###...#.... #.#
##.)###.# #.# .#.# ##
##.# .##.... #..#
##+##.... #.## ##........
#.## ##.........
#####..### ##...)......
###........###..@..p[...#
............))..p......§#
###.###....###......#)...
# #..#.# ##...(.# .§.
#.##.# ##.....# .. #.##.#
##.....# . #. #.#
.......# ........#
....... ####.#### ....


You could see 2 wizards.

Vanquished Creatures
  3 two-headed ogres
  A tengu warrior (D:12)
  2 unseen horrors (D:12)
  4 wizards (D:12)
  2 ugly things
  Joseph (D:7)
  Maggie (D:8)
  A troll (D:9)
  3 slime creatures (D:12)
  2 hippogriffs
  A wraith (D:10)
  3 wyverns (D:8)
  2 steam dragons
  4 yaks (D:12)
  A soldier ant (D:12)
  Duvessa (D:4)
  9 orc warriors
  A hornet zombie (D:7)
  A swamp drake (D:10)
  4 ice beasts
  5 sky beasts
  A black bear (D:6)
  A necrophage (D:8)
  2 phantoms
  10 ogres
  10 centaurs
  6 bullfrogs
  Dowan (D:4)
  4 scorpions
  5 howler monkeys
  4 bullfrog zombies
  A quasit (D:7)
  2 bullfrog skeletons
  2 centaur skeletons
  13 orc wizards
  Crazy Yiuf (D:4)
  6 hounds
  A jelly (D:7)
  6 orc priests
  8 iguanas
  7 worker ants
  Robin (D:2)
  9 gnolls
  A howler monkey skeleton (D:6)
  6 adders
  2 shadow imps (D:9)
  2 white imps (D:5)
  An ufetubus (D:7)
  2 oozes
  An adder zombie (D:7)
  2 adder skeletons
  A worm (D:5)
  2 dart slugs (D:1)
  8 leopard geckos
  33 orcs
  9 bats
  3 giant cockroaches
  10 goblins
  9 hobgoblins
  6 jackals (D:7)
  4 quokkas
  6 ball pythons
  5 frilled lizards
  3 kobolds (D:1)
  A leopard gecko zombie (D:5)
  A quokka skeleton (D:7)
  8 rats
279 creatures vanquished.

Vanquished Creatures (others)
  2 orcs (D:10)
  2 plants (D:3)
4 creatures vanquished.

Grand Total: 283 creatures vanquished

Notes
Turn   | Place    | Note
-------+----------+-------------------------------------------
     0 | D:1      | Hores the Gargoyle Earth Elementalist began the quest for
                  | the Orb.
     0 | D:1      | Reached XP level 1. HP: 10/10 MP: 3/3
   152 | D:1      | Reached XP level 2. HP: 15/15 MP: 1/5
   324 | D:1      | Reached skill level 4 in Earth Magic
   616 | D:1      | Reached XP level 3. HP: 9/19 MP: 4/6
   621 | D:1      | Learned a level 3 spell: Stone Arrow
  1313 | D:1      | Reached skill level 1 in Conjurations
  1825 | D:2      | Noticed Robin
  1857 | D:2      | Reached XP level 4. HP: 14/24 MP: 5/8
  1868 | D:2      | Killed Robin
  2854 | D:3      | Found a sacrificial altar of Ru.
  2935 | D:3      | Found a glowing golden altar of the Shining One.
  3265 | D:4      | Noticed an ogre
  3270 | D:4      | Killed an ogre
  3270 | D:4      | Reached skill level 5 in Earth Magic
  3270 | D:4      | Reached XP level 5. HP: 28/28 MP: 5/10
  3277 | D:4      | Learned a level 5 spell: Lee's Rapid Deconstruction
  3357 | D:4      | Noticed an ogre
  3363 | D:4      | Killed an ogre
  3363 | D:4      | Reached XP level 6. HP: 32/32 MP: 5/11
  3432 | D:4      | Found a runed translucent door.
  3433 | D:4      | Noticed Crazy Yiuf
  3440 | D:4      | Killed Crazy Yiuf
  3615 | D:4      | Reached skill level 6 in Earth Magic
  3676 | D:4      | Found a staircase to the Ecumenical Temple.
  3683 | Temple   | Entered the Ecumenical Temple
  3751 | Temple   | Became a worshipper of Vehumet
  4361 | D:4      | Noticed Duvessa
  4361 | D:4      | Noticed Dowan
  4370 | D:4      | Reached XP level 7. HP: 25/36 MP: 9/13
  4376 | D:4      | Killed Duvessa
  4712 | D:4      | Killed Dowan
  4809 | D:4      | Reached skill level 1 in Armour
  5181 | D:5      | Entered Level 5 of the Dungeon
  5193 | D:5      | Reached skill level 1 in Fighting
  5193 | D:5      | Reached skill level 1 in Maces & Flails
  5193 | D:5      | Reached skill level 7 in Earth Magic
  5193 | D:5      | Reached XP level 8. HP: 37/43 MP: 13/15
  5209 | D:5      | Reached skill level 5 in Spellcasting
  5566 | D:5      | Reached skill level 5 in Conjurations
  5574 | D:5      | Found a stormy altar of Qazlal.
  5597 | D:5      | Got a dazzling long sword
  5598 | D:5      | Identified the cursed +1 long sword "Dubesic" {vorpal, +Inv
                  | rPois MP-9 Int+6} (You found it on level 5 of the Dungeon)
  5934 | D:6      | Reached * piety under Vehumet
  5934 | D:6      | Offered knowledge of Shock by Vehumet.
  6705 | D:7      | Reached XP level 9. HP: 29/49 MP: 17/17
  7233 | D:7      | Offered knowledge of Freeze by Vehumet.
  7236 | D:7      | Reached ** piety under Vehumet
  7303 | D:7      | Reached skill level 8 in Earth Magic
  7388 | D:7      | Noticed Joseph
  7968 | D:7      | Killed Joseph
  7975 | D:7      | Gained mutation: You are agile. (Dex +2) [potion of
                  | mutation]
  7975 | D:7      | Gained mutation: You expend magic power (3 MP) to
                  | strengthen your wands. [potion of mutation]
  8491 | D:8      | Found a shattered altar of Ashenzari.
  8619 | D:8      | Reached XP level 10. HP: 58/58 MP: 10/19
  8634 | D:8      | Noticed a two-headed ogre
  8644 | D:8      | Killed a two-headed ogre
  8798 | D:8      | Offered knowledge of Static Discharge by Vehumet.
  8945 | D:8      | Noticed Maggie
  8953 | D:8      | Reached skill level 5 in Armour
  8955 | D:8      | Killed Maggie
  8955 | D:8      | Reached skill level 5 in Fighting
  8955 | D:8      | Reached skill level 9 in Earth Magic
  9418 | D:8      | Found a staircase to the Lair.
  9733 | D:9      | Reached skill level 1 in Evocations
  9748 | D:9      | Noticed a two-headed ogre
  9751 | D:9      | Reached *** piety under Vehumet
  9755 | D:9      | Reached skill level 5 in Maces & Flails
  9757 | D:9      | Killed a two-headed ogre
  9757 | D:9      | Reached XP level 11. HP: 54/64 MP: 6/21
 10049 | D:9      | Found an iron altar of Okawaru.
 10151 | D:9      | Noticed a purple ugly thing
 10158 | D:9      | Killed a purple ugly thing
 10379 | D:9      | Found a shadowy altar of Dithmenos.
 10379 | D:9      | Found a sparkling altar of Nemelex Xobeh.
 10472 | D:9      | Found a runed translucent gate.
 10473 | D:9      | Found a runed translucent gate.
 10499 | D:9      | Found a runed translucent gate.
 10500 | D:9      | Noticed Yhenk's ghost (novice BaCj)
 10725 | D:10     | Entered Level 10 of the Dungeon
 10725 | D:10     | Noticed a two-headed ogre
 10730 | D:10     | Killed a two-headed ogre
 10824 | D:10     | Got an ichor-stained falchion
 10825 | D:10     | Identified the +7 falchion of Cynusesa {drain, Int+4} (You
                  | found it on level 10 of the Dungeon)
 11308 | D:10     | Reached skill level 5 in Dodging
 11310 | D:10     | Offered knowledge of Airstrike by Vehumet.
 11501 | D:10     | Found a staircase to the Orcish Mines.
 12694 | D:12     | Killed an unseen horror
 12933 | D:12     | Noticed a tengu warrior
 12963 | D:12     | Killed a tengu warrior
 13149 | D:12     | Reached **** piety under Vehumet
 13218 | D:12     | Reached skill level 10 in Earth Magic
 13622 | D:12     | Noticed a brown ugly thing
 13627 | D:12     | Killed a brown ugly thing
 13627 | D:12     | Reached XP level 12. HP: 71/71 MP: 12/23
 13689 | D:12     | Found Dulacael's Book Boutique.
 13774 | D:12     | Offered knowledge of Fireball by Vehumet.
 13781 | D:12     | Learned a level 5 spell: Fireball
 13999 | D:12     | Reached skill level 1 in Fire Magic
 14108 | D:12     | HP: 2/72 [wizard/crystal spear (39)]
 14109 | D:12     | Paralysed by a wizard for 6 turns
 14113 | D:12     | Killed from afar by a wizard

Illustrated notes

Levels and vault maps discovered:
D:1:      minmay_arrival_four_circles, layout_basic
D:2:      layout_loops_cross, serial_park_tiny_pond, uniq_robin
D:3:      layout_loops_corners, overflow_temple_1_default, tso_altar,
          saegor_snake_ambush
D:4:      layout_basic, minmay_temple_entry_hall, uniq_crazy_yiuf_cottage,
          uniq_duvessa
D:5:      layout_rooms, basic_altar
D:6:      layout_basic, chequers_jeans
D:7:      layout_cave_pools, serial_glass, glass_columns_c, glass_columns_b,
          glass_columns_b, uniq_joseph
D:8:      layout_basic, cheibrodos_ashenzari_chains, erik_lair_dragon,
          uniq_maggie
D:9:      layout_cave_pods, okawaru_ov_weapons_minmay,
          gammafunk_temple_overflow_elements, ebering_ghost_rock_garden,
          unseen_surprise_small
D:10:     layout_rooms, erik_orc_1
D:11:     layout_irregular_city
D:12:     minmay_smoke_and_mirrors, layout_loops_corners, serial_shops, shop
Temple:   eino_temple_scatter_basement

Skill      XL: |  1  2  3  4  5  6  7  8  9 10 11 12 |
---------------+-------------------------------------+-----
Earth Magic    | 4 5 6 7 8 9 10 | 10.5
Conjurations   | 1 2 3 4 5 6 7 8 |  8.7
Spellcasting   | 3 4 5 6 7 |  7.8
Armour         | 1 3 4 5 6 |  6.0
Fighting       | 1 2 4 5 6 7 |  7.2
Maces & Flails | 1 2 4 5 6 |  6.6
Dodging        | 2 3 4 5 |  5.8
Evocations     | 1 3 |  3.9
Fire Magic     | 2 |  2.3
Stealth        | |  2.1
Transmutations | |  0.7

Action                   |  1- 3 |  4- 6 |  7- 9 | 10-12 || total
-------------------------+-------+-------+-------+-------++-------
Melee: Unarmed           |    43 |       |       |       ||    43
       Club              |    67 |       |       |       ||    67
       Mace              |     8 |    13 |       |       ||    21
       Dagger            |       |    84 |   355 |   141 ||   580
       Falchion          |       |       |       |   251 ||   251
 Cast: Sandblast         |    16 |    27 |    45 |    22 ||   110
       Lee's Rapid Decon |       |       |     9 |    32 ||    41
       Stone Arrow       |       |       |       |    19 ||    19
Evoke: Wand              |       |    10 |     1 |     6 ||    17
  Use: Scroll            |       |    15 |     8 |     7 ||    30
       Potion            |       |       |     5 |     1 ||     6
 Stab: Sleeping          |     4 |     7 |     2 |     2 ||    15
       Confused          |       |       |       |     3 ||     3
       Distracted        |       |       |       |     1 ||     1
Armor: Robe              |    50 |    31 |   218 |    22 ||   321
       Steam dragon scal |       |       |       |   232 ||   232
Dodge: Dodged            |   112 |    45 |   263 |   313 ||   733
       Rpst.: Falchion   |       |       |       |    52 ||    52

Table legend: (Time is in decaauts)
 A = Elapsed time spent in this place.
 B = Non-inter-level travel time spent in this place.
 C = Inter-level travel time spent in this place.
 D = Time resting spent in this place.
 E = Time spent auto-exploring this place.
 F = Levels seen in this place.
 G = Mean time per level.
                   A        B        C        D        E       F      G
               +--------+--------+--------+--------+--------+-----+--------+
         Total |  14209 |  13820 |    389 |   2711 |   8408 |  13 | 1093.0 |
       Dungeon |  14122 |  13751 |    371 |   2711 |   8344 |  12 | 1176.8 |
        Temple |     86 |     68 |     18 |      0 |     64 |   1 |   86.0 |
               +--------+--------+--------+--------+--------+-----+--------+

Top non-repeatable levels by time:
     D:1: 1770 daAuts
     D:4: 1656 daAuts
    D:12: 1494 daAuts
     D:8: 1353 daAuts
     D:7: 1307 daAuts
     D:6: 1102 daAuts
     D:9: 1069 daAuts
    D:10: 1044 daAuts
     D:3: 1035 daAuts
    D:11: 923 daAuts
     D:2: 731 daAuts
     D:5: 633 daAuts
  Temple: 86 daAuts
